[Event "Team 45 45 League T85"]
[Site "Internet Chess Club"]
[Date "2020.07.26"]
[Round "4"]
[White "WillC"]
[Black "aec7r3b"]
[Result "1-0"]
[WhiteElo "1569"]
[BlackElo "1457"]
[Opening "King's Indian: East Indian defense"]
[ECO "A48"]
[Time "12:00:57"]
[TimeControl "2700+45"]

1. d4 Nf6 2. Nf3 g6 3. b3 Bg7 4. Bb2 O-O 5. Nbd2 d5 6. e3 c5 7. c4 Nc6 8. Bd3
Qb6 9. O-O Rd8 10. Qe2 a5 11. dxc5 Qxc5 12. Rac1 Qb6 13. cxd5 Rxd5 14. Bc4 Rd8
15. Rfd1 Bd7 16. Ne5 Nxe5 17. Bxe5 Bg4 18. f3 Bd7 19. Bc7 Qb4 20. Bxd8 Rxd8 21.
Nb1 b5 22. a3 Qd6 23. Rxd6 exd6 24. Bxb5 Be6 25. b4 a4 26. Bxa4 Ra8 27. Qb5 Bd7
28. Qd3 Rxa4 29. Qxd6 Ra8 30. Rc7 Rd8 31. b5 Ne8 32. Qxd7 Rxd7 33. Rxd7 Kf8 34.
f4 Nf6 35. Ra7 Nd5 36. Kf2 Ke8 37. a4 Kd8 38. Rxf7 Bb2 39. a5 Kc8 40. Rxh7 Kb8
41. Nd2 Bc3 42. Nc4 Nf6 43. Rf7 Ne4+ 44. Ke2 Nc5 45. f5 gxf5 46. Rxf5 Nb7 47. a6
Nd8 48. Rf8 Kc7 49. Rxd8 Kxd8 50. a7 Kc7 51. a8=Q Kd7 52. Qd5+ Ke7 53. Qc5+ Ke6
54. Qe5+ Bxe5 55. Nxe5 Kxe5 56. g4 Kf6 57. h4 Kg6 58. b6 Kf7 59. h5 Kg7 60. g5
Kh7 61. e4 Kg7 62. e5 Kf7 63. Ke3 Ke6 64. Ke4 Kf7 65. Kf5 Kg7 66. b7 Kf8 67. Kf6
Ke8 68. h6 Kf8 69. b8=Q# {Black checkmated} 1-0

[Event "Team 45 45 League T85"]
[Site "Internet Chess Club"]
[Date "2020.07.25"]
[Round "4"]
[White "mongmong"]
[Black "ascoli"]
[Result "0-1"]
[WhiteElo "1431"]
[BlackElo "1609"]
[Opening "King's Indian, 3.Nf3"]
[ECO "E90"]
[Time "12:06:36"]
[TimeControl "2700+45"]

1. d4 Nf6 2. Nf3 g6 3. c4 Bg7 4. Nc3 O-O 5. e4 d6 6. h3 e5 7. d5 Nbd7 8. Bd3 Nh5
9. Bc2 a6 10. Be3 Qe8 11. Qd2 f5 12. exf5 gxf5 13. Bh6 Qg6 14. Bxg7 Qxg7 15. Qg5
Ndf6 16. Qxg7+ Kxg7 17. O-O-O Bd7 18. Rde1 b5 19. Bb3 b4 20. Ne2 Ne4 21. Ref1 a5
22. Nd2 Nhf6 23. Nxe4 Nxe4 24. f3 Nc5 25. Bc2 a4 26. g4 f4 27. g5 Rfb8 28. h4 b3
29. axb3 Nxb3+ 30. Bxb3 Rxb3 31. Kc2 Rab8 32. Rb1 R8b4 33. Nc3 Rxc4 34. Rhe1
Bf5+ {White resigns} 0-1

[Event "Team 45 45 League T85"]
[Site "Internet Chess Club"]
[Date "2020.07.26"]
[Round "4"]
[White "dabodhi"]
[Black "g8wrb"]
[Result "0-1"]
[WhiteElo "1278"]
[BlackElo "1263"]
[Opening "French: classical, Steinitz variation"]
[ECO "C14"]
[Time "11:02:47"]
[TimeControl "2700+45"]

1. e4 e6 2. d4 d5 3. Nc3 Nf6 4. Bg5 Be7 5. e5 Nfd7 6. Bxe7 Qxe7 7. f4 a6 8. Nf3
c5 9. dxc5 Nxc5 10. Qd2 Nc6 11. O-O-O Bd7 12. Nd4 O-O-O 13. Nxc6 Bxc6 14. Qd4
Kb8 15. Bd3 Nxd3+ 16. Rxd3 h6 17. g3 g5 18. Qb6 d4 19. Rhd1 gxf4 20. Rxd4 Rxd4
21. Rxd4 f3 22. Rf4 Qg5 23. Qc5 h5 24. Qd6+ Kc8 25. b3 h4 26. g4 Qxf4+ {White
resigns} 0-1

[Event "Team 45 45 League T85"]
[Site "Internet Chess Club"]
[Date "2020.07.27"]
[Round "4"]
[White "seattleblues"]
[Black "Just-Jim"]
[Result "1-0"]
[WhiteElo "1270"]
[BlackElo "1232"]
[Opening "Queen's pawn"]
[ECO "A40"]
[Time "17:46:21"]
[TimeControl "2700+45"]

1. d4 c6 2. Nf3 d5 3. Bf4 Nd7 4. c3 h6 5. Nbd2 Ngf6 6. h3 e6 7. e3 Be7 8. Bd3
O-O 9. O-O Nh5 10. Bh2 c5 11. Re1 Qb6 12. Rb1 Qa5 13. Ne5 Nhf6 14. a3 Nxe5 15.
dxe5 Nd7 16. f4 d4 17. Nc4 Qc7 18. cxd4 cxd4 19. exd4 Nb6 20. Rc1 Qd8 21. Kh1 g6
22. Bg1 Bh4 23. Re2 Nd5 24. Qf1 Bg3 25. Re4 f5 26. exf6 Qxf6 27. f5 gxf5 28. Re2
Nf4 29. Re3 b6 30. Rxg3+ Kh7 31. Qxf4 Bb7 32. Ne5 Rad8 33. Ng4 Qg7 34. Rc7 Rxd4
35. Rxg7+ Kxg7 36. Qxd4+ Kg6 37. Ne5+ Kh5 38. Be2+ {Black resigns} 1-0

[Event "Team 45 45 League T85"]
[Site "Internet Chess Club"]
[Date "2020.07.25"]
[Round "4"]
[White "oldprez1"]
[Black "Conjurer"]
[Result "1-0"]
[WhiteElo "1278"]
[BlackElo "1186"]
[Opening "Sicilian defense"]
[ECO "B33"]
[Time "13:02:23"]
[TimeControl "2700+45"]

1. e4 c5 2. Nf3 Nc6 3. d4 cxd4 4. Nxd4 Nf6 5. Nc3 a6 6. Be2 e6 7. a3 g6 8. Bg5
e5 9. Nxc6 bxc6 10. O-O Bg7 11. f4 Qb6+ 12. Kh1 Qxb2 13. fxe5 Nh5 14. Qd6 Bf8
15. Qd4 Bxa3 16. Qc4 O-O 17. Bxh5 gxh5 18. Bh6 Qb4 19. Qxb4 Bxb4 20. Bxf8 Bxc3
21. Ra3 Bxe5 22. Be7 d6 23. Bf6 Bg4 24. Bxe5 dxe5 25. Rg3 Kf8 26. h3 Be6 27. Rg5
Bc4 28. Rff5 a5 29. Rxe5 f6 30. Rxa5 Ra6 31. Rxa6 Bxa6 32. Rxh5 Kg7 33. Ra5 Bc4
34. Rc5 Bb5 35. c4 Ba4 36. Ra5 Bc2 37. e5 Kf7 38. exf6 Kxf6 39. Kh2 Be4 40. g4
h6 41. Kg3 Ke6 42. Kf4 Bg2 43. h4 Kd6 44. g5 h5 45. g6 Bh3 46. Rxh5 Be6 47. Rh6
Bxc4 48. g7+ Kd7 49. Rh8 Kd6 50. g8=Q Bxg8 51. Rxg8 {Black resigns} 1-0

[Event "Team 45 45 League T85"]
[Site "Internet Chess Club"]
[Date "2020.07.27"]
[Round "4"]
[White "kabubi"]
[Black "OGO"]
[Result "0-1"]
[WhiteElo "1110"]
[BlackElo "1178"]
[Opening "French: King's Indian attack"]
[ECO "C00"]
[Time "14:01:03"]
[TimeControl "2700+45"]

1. e4 e6 2. d3 Nc6 3. Nd2 b6 4. g3 Bb7 5. Bg2 Bc5 6. Ngf3 Qf6 7. O-O Nge7 8. Qe2
O-O-O 9. c3 e5 10. b4 Bd6 11. a4 a6 12. Re1 g5 13. Nf1 h6 14. Ne3 Rdg8 15. Ng4
Qg6 16. d4 f6 17. d5 Nd8 18. b5 a5 19. Bd2 Nf7 20. Rac1 h5 21. Ne3 h4 22. Nc4
Bc5 23. Kf1 hxg3 24. fxg3 f5 25. Ncxe5 Nxe5 26. Nxe5 Qh7 27. Nf3 fxe4 28. Qxe4
Qxe4 29. Rxe4 Bxd5 30. Rg4 Bxf3 31. Bxf3 Rxh2 32. Rxg5 Rxg5 33. Bxg5 Rf2+ 34.
Kg1 Rxf3+ 35. Kg2 Rf2+ 36. Kh3 Ra2 37. Re1 Nd5 38. c4 Nc3 39. Bf6 Ne2 40. Kg2
Nf4+ 41. Kf3 Nd3 42. Rd1 Rf2+ 43. Ke4 Rxf6 44. Rxd3 Re6+ 45. Kf3 Kd8 46. g4 Ke7
47. Kf4 Kf7 48. Kf5 Bd6 49. g5 Re5+ 50. Kg4 Kg6 51. Rf3 Rxg5+ 52. Kh4 Rf5 53.
Rg3+ {White resigns} 0-1

[Event "Team 45 45 League T85"]
[Site "Internet Chess Club"]
[Date "2020.07.27"]
[Round "4"]
[White "kingsrook"]
[Black "WzeroMN"]
[Result "1-0"]
[WhiteElo "1183"]
[BlackElo "1093"]
[Opening "QGD: exchange, positional line"]
[ECO "D35"]
[Time "13:31:26"]
[TimeControl "2700+45"]

1. d4 d5 2. c4 e6 3. Nc3 Nf6 4. cxd5 exd5 5. Bg5 Be7 6. e3 O-O 7. Bd3 Nbd7 8.
Qc2 b6 9. Nf3 a5 10. O-O c5 11. Ne5 Bb7 12. Nxd7 Qxd7 13. Bxf6 Bxf6 14. Bxh7+
Kh8 15. Bf5 Qd6 16. Rad1 Bc8 17. Nb5 Qe7 18. Rfe1 Bxf5 19. Qxf5 Qe4 20. Qxe4
dxe4 21. Re2 Rad8 22. d5 Rd7 23. d6 Be7 24. Red2 Rfd8 25. Nc3 Bxd6 26. Nxe4
Bxh2+ 27. Kxh2 Rxd2 28. Rxd2 Rxd2 29. Nxd2 f5 30. Nb3 c4 31. Nd4 a4 32. Nxf5 a3
33. bxa3 c3 34. Nd4 Kg8 35. Nc2 Kf7 36. Kg3 Ke6 37. Kf4 Kd5 38. e4+ Kc4 39. Ke3
b5 40. f4 Kc5 41. g4 g6 42. Kd3 Kd6 43. Kxc3 Ke6 44. Kb4 {Black resigns} 1-0

[Event "Team 45 45 League T85"]
[Site "Internet Chess Club"]
[Date "2020.07.26"]
[Round "4"]
[White "rookmaster23"]
[Black "zugknightly"]
[Result "0-1"]
[WhiteElo "1632"]
[BlackElo "1729"]
[Opening "Sicilian: Pelikan (Lasker/Sveshnikov) variation"]
[ECO "B33"]
[Time "14:00:47"]
[TimeControl "2700+45"]

1. e4 c5 2. Nf3 Nc6 3. d4 cxd4 4. Nxd4 Nf6 5. Nc3 e5 6. Ndb5 Bc5 7. Bg5 O-O 8.
Nd5 Bxf2+ 9. Ke2 Bc5 10. Nxf6+ gxf6 11. Bh6 Re8 12. Ke1 d5 13. Qxd5 Qb6 14. Bc4
Be6 15. Qd3 Bf2+ 16. Kf1 Red8 17. Qe2 Bxc4 18. Qxc4 Be3 19. Bxe3 Qxe3 20. Qe2
Qxe2+ 21. Kxe2 Nd4+ 22. Nxd4 Rxd4 23. Ke3 Rad8 24. Rhf1 Rd2 25. Rxf6 Rxc2 26.
Raf1 Rcd2 27. Kf3 Rxb2 28. g3 h5 29. Rf2 Rxf2+ 30. Kxf2 Rd2+ 31. Kg1 Rxa2 32.
Rf5 a5 33. Rxe5 a4 34. Rxh5 a3 35. Ra5 b6 36. Ra8+ Kg7 37. Kf1 Ra1+ 38. Ke2 a2
39. Kd2 Rh1 {White resigns} 0-1

[Event "Team 45 45 League T85"]
[Site "Internet Chess Club"]
[Date "2020.07.26"]
[Round "4"]
[White "scostanzo212"]
[Black "sburreus09"]
[Result "1/2-1/2"]
[WhiteElo "1592"]
[BlackElo "1517"]
[Opening "Old Indian defense"]
[ECO "A42"]
[Time "10:01:16"]
[TimeControl "2700+45"]

1. d4 d6 2. c4 c6 3. Nc3 Qc7 4. Nf3 Bg4 5. e3 Nf6 6. Be2 Nbd7 7. O-O e5 8. d5
Be7 9. e4 h6 10. Ne1 Bxe2 11. Qxe2 g5 12. Be3 Nf8 13. Nd3 a6 14. f3 Ng6 15. c5
cxd5 16. cxd6 Bxd6 17. Rac1 Qa5 18. exd5 O-O 19. Rfd1 Rfe8 20. Nf2 Rac8 21. Nfe4
Nxe4 22. fxe4 Nf4 23. Qf2 Rc4 24. a3 Qd8 25. Kh1 Qd7 26. Qf1 Rec8 27. Rd2 Bxa3
28. bxa3 Rxc3 29. Rxc3 Rxc3 30. Bxf4 gxf4 31. Rd3 Qb5 32. Rd1 Qxf1+ 33. Rxf1 Re3
34. Rd1 Kf8 35. d6 Ke8 36. d7+ Kd8 37. h4 Rxe4 38. Rd6 f3 39. gxf3 Rxh4+ 40. Kg2
h5 41. Kg3 Rd4 42. Rh6 h4+ 43. Kh3 Kxd7 44. Rf6 Ke7 45. Rb6 Rd7 46. Kxh4 Kf8 47.
Kg5 Kg7 48. Kf5 Re7 49. Ke4 Kf8 50. a4 Ke8 51. a5 Kd8 52. Kf5 Ke8 53. Ke4 Kf8
54. Kf5 Ke8 55. Ke4 Kf8 56. Kf5 Kg7 57. Rd6 Rc7 58. Rb6 Rc5 59. Rxb7 Rxa5 60.
Rb6 Ra3 61. Kxe5 Rxf3 62. Rxa6 f6+ 63. Ke4 Rf1 64. Ra5 Kg6 65. Ke3 f5 66. Ra4
Kg5 67. Ke2 Rf4 68. Rxf4 Kxf4 69. Kf2 Ke4 70. Ke2 f4 71. Kf2 Ke5 72. Kf3 Kf5 73.
Kf2 Ke4 74. Ke2 f3+ 75. Kf2 Kf4 76. Kf1 Kg3 77. Kg1 Kg4 78. Kf2 Kf4 79. Kf1 Ke3
80. Ke1 Ke4 81. Kf2 Kf4 82. Kf1 Kg3 83. Kg1 Kg4 84. Kf2 Kf4 85. Kf1 Ke4 86. Kf2
Kf4 87. Kf1 Kg3 88. Kg1 Kh3 89. Kf2 Kg4 90. Kf1 Kg3 91. Kg1 Kf4 92. Kf2 Ke4 93.
Kf1 Ke3 94. Ke1 Kd4 95. Kf2 Ke4 96. Kf1 Ke3 97. Ke1 Kf4 98. Kf2 Kg4 99. Kf1 Kh3
100. Kf2 Kg4 101. Kf1 Kg3 102. Kg1 Kg4 103. Kf2 Kf4 104. Kf1 Ke4 105. Kf2 {Game
drawn by repetition} 1/2-1/2

[Event "Team 45 45 League T85"]
[Site "Internet Chess Club"]
[Date "2020.07.22"]
[Round "4"]
[White "tryanything"]
[Black "Kingofknights"]
[Result "0-1"]
[WhiteElo "1510"]
[BlackElo "1556"]
[Opening "Caro-Kann: two knights, 3...Bg4"]
[ECO "B11"]
[Time "18:34:45"]
[TimeControl "2700+45"]

1. e4 c6 2. Nc3 d5 3. Nf3 Bg4 4. h3 Bh5 5. exd5 cxd5 6. Bb5+ Nc6 7. g4 Bg6 8.
Ne5 Qd6 9. Nxg6 hxg6 10. Qf3 Qe5+ 11. Qe3 Qxe3+ 12. dxe3 e6 13. Bd2 Nf6 14.
O-O-O Be7 15. f4 a6 16. Be2 Bc5 17. g5 Nh5 18. Bg4 Ng3 19. Rhg1 Nf5 20. Bxf5
gxf5 21. Rh1 Ke7 22. Rh2 b5 23. h4 d4 24. exd4 Nxd4 25. Be3 Nb3+ 26. axb3 Bxe3+
27. Kb1 Bxf4 28. Ne2 Bxh2 {White resigns} 0-1

[Event "Team 45 45 League T85"]
[Site "Internet Chess Club"]
[Date "2020.07.26"]
[Round "4"]
[White "tightfist"]
[Black "sdcohle"]
[Result "0-1"]
[WhiteElo "1474"]
[BlackElo "1309"]
[Opening "Vienna: Falkbeer variation"]
[ECO "C26"]
[Time "21:03:49"]
[TimeControl "2700+45"]

1. Nc3 e5 2. e4 Nf6 3. d3 Be7 4. Be2 O-O 5. Nf3 d6 6. O-O b6 7. d4 exd4 8. Nxd4
Bb7 9. f3 Nbd7 10. Nf5 Re8 11. Nxe7+ Rxe7 12. Bg5 h6 13. Bh4 a6 14. Re1 Qf8 15.
Nd5 g5 16. Nxe7+ Qxe7 17. Bf2 Nh5 18. c4 Qe5 19. Qd4 Qe7 20. Rad1 Nf4 21. Bf1
Ne6 22. Qc3 Rf8 23. b4 f5 24. exf5 Rxf5 25. Bg3 Qf7 26. Bd3 Rf6 27. a3 h5 28.
Be4 Bxe4 29. Rxe4 h4 30. Bf2 Ne5 31. Qd2 h3 32. Bg3 hxg2 33. Bxe5 dxe5 34. Qxg2
Rf5 35. Rf1 Qf6 36. Kh1 Nf4 37. Qg4 Ng6 38. Re3 Kg7 39. Rd3 Ne7 40. Rd7 Rf4 41.
Rg1 Rxg4 42. fxg4 Qf3+ 43. Rg2 Qf1+ 44. Rg1 Qf3+ 45. Rg2 Kf7 46. Rxc7 Qxa3 47.
Rf2+ Ke6 48. c5 Qxb4 49. cxb6 Qxb6 50. Rfc2 Qd4 51. R7c4 Qd5+ 52. Kg1 Qd1+ 53.
Kg2 Qd5+ 54. Kg3 Qd3+ 55. Kg2 Kd5 56. Rc5+ Kd4 57. Rc7 Nd5 58. R7c4+ Qxc4 59.
Rxc4+ Kxc4 60. h4 gxh4 61. g5 Nf4+ 62. Kf3 Kd5 63. Kg4 h3 64. Kg3 a5 {White
resigns} 0-1

[Event "Team 45 45 League T85"]
[Site "Internet Chess Club"]
[Date "2020.07.22"]
[Round "4"]
[White "LuFran"]
[Black "Portola"]
[Result "1-0"]
[WhiteElo "1775"]
[BlackElo "1673"]
[Opening "French: advance, Nimzovich variation"]
[ECO "C02"]
[Time "18:30:28"]
[TimeControl "2700+45"]

1. e4 e6 2. d4 d5 3. e5 c5 4. Qg4 cxd4 5. Nf3 Nc6 6. Bd3 h6 7. a3 Bd7 8. O-O Qb6
9. Re1 O-O-O 10. Nbd2 h5 11. Qg3 g6 12. b4 Bh6 13. Nb3 Bxc1 14. Raxc1 Nge7 15.
Nc5 Nf5 16. Qg5 Rdf8 17. c4 dxc3 18. Rxc3 a6 19. b5 axb5 20. Rb1 Qd8 21. Qd2 b6
22. Nxd7 Qxd7 23. Bxb5 Ne7 24. Bxc6 Nxc6 25. Nd4 Kb7 26. Nxc6 Rc8 27. Na5+ Ka7
28. Rxc8 Rxc8 29. Nb3 Qb5 30. a4 Qa6 31. a5 bxa5 32. Nxa5 Ka8 33. Qb4 d4 34. Nc6
{Black resigns} 1-0

[Event "Team 45 45 League T85"]
[Site "Internet Chess Club"]
[Date "2020.07.26"]
[Round "4"]
[White "justice02"]
[Black "julesraider"]
[Result "1-0"]
[WhiteElo "1560"]
[BlackElo "1590"]
[Opening "Caro-Kann: classical variation"]
[ECO "B18"]
[Time "19:01:05"]
[TimeControl "2700+45"]

1. e4 c6 2. d4 d5 3. Nd2 dxe4 4. Nxe4 Bf5 5. Ng5 Nf6 6. Bc4 e6 7. h3 Be7 8. Ne2
O-O 9. Ng3 Nd5 10. Nf3 Bg6 11. Ne5 Nd7 12. Nxg6 hxg6 13. O-O Qc7 14. c3 b5 15.
Bb3 a5 16. Qf3 N7f6 17. Re1 c5 18. dxc5 Bxc5 19. Bg5 a4 20. Bc2 Ba7 21. Rad1
Rae8 22. Re2 a3 23. Bc1 Rd8 24. Red2 axb2 25. Bxb2 Nb6 26. Rxd8 Rxd8 27. Rxd8+
Qxd8 28. Qe2 Nc4 29. Bc1 Nd5 30. Ne4 Qa5 31. a4 Nxc3 32. Nxc3 Qxc3 33. axb5 Bb6
34. Bg5 Qa1+ 35. Kh2 Bc7+ 36. g3 Qd4 37. Bd3 Ne5 38. Be4 Nc4 39. Bc1 Bb6 40. Bd3
Ne5 41. Bb2 Qxd3 42. Qxe5 Kf8 43. Qxg7+ Ke8 44. Qh8+ Kd7 45. Qf6 Ke8 46. Qf4 Qf5
47. Qb8+ Bd8 48. Bd4 Qd5 49. Be3 Kd7 50. Qa7+ Ke8 51. b6 f5 52. b7 Bc7 53. b8=Q+
Bxb8 54. Qxb8+ Kf7 55. Qc7+ Kf6 56. h4 f4 57. gxf4 Kf5 58. Qc2+ Kf6 59. Kg3 Qh1
60. Bd4+ Ke7 61. Qc7+ Ke8 62. Qc8+ Kf7 63. Qd7+ Kf8 64. Qd8+ Kf7 65. Qf6+ Ke8
66. Qxe6+ Kd8 67. Bb6# {Black checkmated} 1-0

[Event "Team 45 45 League T85"]
[Site "Internet Chess Club"]
[Date "2020.07.27"]
[Round "4"]
[White "olivermx"]
[Black "cap78red"]
[Result "0-1"]
[WhiteElo "1351"]
[BlackElo "1485"]
[Opening "Pirc: Austrian attack"]
[ECO "B09"]
[Time "11:16:58"]
[TimeControl "2700+45"]

1. e4 d6 2. d4 Nf6 3. Nc3 g6 4. f4 Bg7 5. Nf3 O-O 6. h3 c5 7. dxc5 Qa5 8. cxd6
Nxe4 9. dxe7 Re8 10. Qd5 Bxc3+ {White resigns} 0-1

[Event "Team 45 45 League T85"]
[Site "Internet Chess Club"]
[Date "2020.07.25"]
[Round "4"]
[White "nosir"]
[Black "MartyJR"]
[Result "1/2-1/2"]
[WhiteElo "1433"]
[BlackElo "1608"]
[Opening "Queen's pawn game"]
[ECO "D02"]
[Time "15:00:17"]
[TimeControl "2700+45"]

1. d4 d5 2. Nf3 c6 3. e3 Bf5 4. c4 e6 5. Nbd2 Nf6 6. Be2 h6 7. Ne5 Nbd7 8. Ndf3
Be7 9. O-O O-O 10. a3 Nxe5 11. Nxe5 Nd7 12. Nxd7 Qxd7 13. Bd3 Bxd3 14. Qxd3 Qc7
15. e4 dxe4 16. Qxe4 c5 17. Rd1 cxd4 18. Rxd4 Bf6 19. Rd3 Rfd8 20. Rb1 Rxd3 21.
Qxd3 Rd8 22. Qe2 Qd7 23. Be3 b6 24. g3 Be7 25. Kf1 Qc6 26. f3 Bc5 27. Bxc5 Qxc5
28. b4 Qd4 29. Rc1 Rc8 30. Qf2 Qd3+ 31. Kg2 Rxc4 32. Rxc4 Qxc4 33. Qe3 Qc2+ 34.
Kh3 Qf5+ 35. g4 Qd5 36. Kg3 Kf8 37. f4 Qd6 38. Kg2 Qd5+ 39. Kh3 g5 40. fxg5 Qxg5
41. Qc3 Qf4 42. Qc8+ Ke7 43. Qb7+ Kf6 44. Qxa7 Kg5 45. Qe7+ Kg6 46. a4 Qf3+ 47.
Kh4 Qf2+ 48. Kh3 Qf3+ 49. Kh4 Qg2 50. Qc7 Qf2+ 51. Qg3 Qd4 52. Qe1 Qf6+ 53. Kg3
Qd4 54. Kf3 Qd5+ 55. Qe4+ Qxe4+ 56. Kxe4 Kf6 57. a5 bxa5 58. bxa5 Ke7 59. h4 Kd7
60. Ke5 Kc7 {Game drawn by mutual agreement} 1/2-1/2

[Event "Team 45 45 League T85"]
[Site "Internet Chess Club"]
[Date "2020.07.25"]
[Round "4"]
[White "Chess4Him"]
[Black "isolani"]
[Result "1-0"]
[WhiteElo "1437"]
[BlackElo "1294"]
[Opening "Queen's pawn: London system"]
[ECO "A45"]
[Time "19:00:50"]
[TimeControl "2700+45"]

1. d4 Nf6 2. Bf4 d6 3. e3 c6 4. Nf3 Bg4 5. Nbd2 Nbd7 6. h3 Bh5 7. Be2 Qa5 8. O-O
e5 9. dxe5 dxe5 10. Nc4 Qc7 11. Ncxe5 Bd6 12. Nxd7 Bxf4 13. Nxf6+ gxf6 14. exf4
Qxf4 15. Re1 O-O 16. Qd4 Qh6 {Black resigns} 1-0

[Event "Team 45 45 League T85"]
[Site "Internet Chess Club"]
[Date "2020.07.24"]
[Round "4"]
[White "olivermx"]
[Black "BrerRabbit"]
[Result "0-1"]
[WhiteElo "1362"]
[BlackElo "1400"]
[Opening "Caro-Kann: advance variation"]
[ECO "B12"]
[Time "19:02:36"]
[TimeControl "2700+45"]

1. e4 c6 2. d4 d5 3. e5 c5 4. c3 Nc6 5. Be3 cxd4 6. cxd4 Bf5 7. Nf3 e6 8. a3
Nge7 9. Bd3 Qa5+ 10. Nc3 a6 11. O-O Bxd3 12. Qxd3 Nf5 13. Rac1 Be7 14. Rfd1 O-O
15. Ne1 Rac8 16. f4 b5 17. b4 Qd8 18. Ne2 Qd7 19. Nc2 Na7 20. Bf2 Rc7 21. Ne3
Nxe3 22. Bxe3 Rfc8 23. Qb1 Rc6 24. Rxc6 Rxc6 25. Rc1 Rc4 26. Bd2 Bd8 27. Rxc4
bxc4 28. Bc3 Qa4 29. Qb2 Nb5 30. Be1 Qxa3 31. Qxa3 Nxa3 32. Nc3 Nc2 {White
resigns} 0-1

[Event "Team 45 45 League T85"]
[Site "Internet Chess Club"]
[Date "2020.07.31"]
[Round "4"]
[White "dpmdpm"]
[Black "MartyJR"]
[Result "1/2-1/2"]
[WhiteElo "1429"]
[BlackElo "1598"]
[Opening "Sicilian: Nimzovich-Rossolimo attack (with ...g6, without ...d6)"]
[ECO "B31"]
[Time "15:01:16"]
[TimeControl "2700+45"]

1. e4 c5 2. Nf3 Nc6 3. Bb5 g6 4. O-O Bg7 5. Nc3 e5 6. d3 Nge7 7. Be3 Nd4 8. Bc4
O-O 9. Bxd4 cxd4 10. Nd5 Nxd5 11. Bxd5 Rb8 12. Qd2 b6 13. c3 dxc3 14. bxc3 Bb7
15. Bxb7 Rxb7 16. d4 exd4 17. cxd4 Re8 18. Rfe1 d6 19. Rad1 Rd7 20. d5 Rc7 21.
Rc1 Rce7 22. Qc2 Bh6 23. Rcd1 Rc7 24. Qd3 Qc8 25. Nd4 Rc3 26. Qb1 Rc7 27. f3
Rce7 28. Nc6 Rc7 29. Qb4 Bf8 30. Qb1 Qa6 31. Qb3 Bg7 32. a4 Rb7 33. Qb5 Qxb5 34.
axb5 Ra8 35. Rd2 a6 36. Ra2 a5 37. f4 f6 38. e5 fxe5 39. fxe5 dxe5 40. Nxe5 Bxe5
41. Rxe5 Rd7 42. Rd2 Rad8 43. Kf1 Kg7 44. Kf2 Kf6 45. Re6+ Kf7 46. Rxb6 Rxd5 47.
Rb7+ Kg8 48. Rxd5 Rxd5 49. b6 Rb5 50. Rb8+ Kg7 51. b7 a4 52. Ra8 Rxb7 53. Rxa4
{Game drawn by mutual agreement} 1/2-1/2

[Event "Team 45 45 League T85"]
[Site "Internet Chess Club"]
[Date "2020.07.23"]
[Round "4"]
[White "Andaluz"]
[Black "Ostap-Bender"]
[Result "1/2-1/2"]
[WhiteElo "1353"]
[BlackElo "1291"]
[Opening "English opening"]
[ECO "A22"]
[Time "12:01:00"]
[TimeControl "2700+45"]

1. c4 e5 2. Nc3 Nf6 3. d3 Bc5 4. e3 O-O 5. Nf3 d6 6. Be2 Nc6 7. O-O Bg4 8. h3
Bh5 9. a3 a5 10. Qb3 Rb8 11. Qc2 h6 12. Rb1 Qd7 13. b4 axb4 14. axb4 Nxb4 15.
Qd1 Nc6 16. Nd2 Bxe2 17. Nxe2 Rfe8 18. Nc3 d5 19. Qe2 d4 20. Nce4 Nxe4 21. Nxe4
Bb6 22. c5 Ba5 23. Bd2 Bxd2 24. Nxd2 b5 25. cxb6 cxb6 26. e4 b5 27. Rfc1 Rec8
28. Nb3 b4 29. Nc5 Qe7 30. Qd2 Rb5 31. Na6 Qb7 32. Nxb4 Rxb4 33. Rxb4 Nxb4 34.
Rxc8+ Qxc8 35. Qxb4 Qc1+ 36. Kh2 Qf4+ 37. Kg1 Qc1+ 38. Kh2 Qf4+ 39. Kg1 Qc1+ 40.
Kh2 {Game drawn by repetition} 1/2-1/2

[Event "Team 45 45 League T85"]
[Site "Internet Chess Club"]
[Date "2020.07.24"]
[Round "4"]
[White "Gojira"]
[Black "stanbeers"]
[Result "0-1"]
[WhiteElo "1593"]
[BlackElo "1413"]
[Opening "Queen's pawn: Chigorin variation"]
[ECO "D00"]
[Time "21:01:00"]
[TimeControl "2700+45"]

1. d4 d5 2. Nc3 c6 3. Bf4 Nf6 4. e3 Bg4 5. f3 Bc8 6. Bd3 e6 7. Nge2 Be7 8. e4
O-O 9. g4 a5 10. Qd2 b5 11. e5 Ne8 12. Ng3 b4 13. Nce2 Ba6 14. c3 c5 15. dxc5
Bxd3 16. Qxd3 Bxc5 17. Qb5 Bb6 18. cxb4 axb4 19. Bd2 Nd7 20. Bxb4 Rb8 21. Kf1
Bc5 22. Ba5 Nc7 23. Qc6 Bb6 24. Bc3 Na6 25. Kg2 Nac5 26. Rhd1 Rc8 27. Qb5 Qc7
28. b4 Nb7 29. f4 Nd8 30. Rac1 Nc6 31. Bb2 Ndb8 32. a4 Qd8 33. a5 Be3 34. Rc2 d4
35. Nf1 Qh4 36. Nxe3 dxe3 37. Ng3 Qxg4 38. Rf1 Rcd8 39. h3 Qg6 40. Re2 Rd2 41.
Bc1 Qc2 42. Bxd2 exd2 43. Rff2 Nd4 44. Rxd2 Qxd2 45. Qc4 Qd1 46. a6 Qa1 47. Ra2
Qd1 48. a7 Qf3+ 49. Kh2 Qxf4 50. Qf1 Nf3+ {White forfeits on time} 0-1

[Event "Team 45 45 League T85"]
[Site "Internet Chess Club"]
[Date "2020.07.24"]
[Round "4"]
[White "xingon"]
[Black "rkjulianjr"]
[Result "0-1"]
[WhiteElo "1382"]
[BlackElo "1381"]
[Opening "Queen's pawn, Mason variation, Steinitz counter-gambit"]
[ECO "D00"]
[Time "10:03:30"]
[TimeControl "2700+45"]

1. d4 d5 2. Bf4 c5 3. c3 Nc6 4. Nf3 Qb6 5. Qb3 c4 6. Qxb6 axb6 7. Nbd2 Nf6 8. e3
Bg4 9. Be2 b5 10. O-O e6 11. Rfe1 b4 12. Ne5 Bxe2 13. Rxe2 Be7 14. Nxc6 bxc6 15.
a3 bxa3 16. bxa3 O-O 17. a4 Ra6 18. Nb1 Rfa8 19. Rea2 c5 20. f3 cxd4 21. exd4 h6
22. Be5 Nd7 23. f4 f6 {White resigns} 0-1

[Event "Team 45 45 League T85"]
[Site "Internet Chess Club"]
[Date "2020.07.24"]
[Round "4"]
[White "CMAlge"]
[Black "rawtoureux"]
[Result "0-1"]
[WhiteElo "1223"]
[BlackElo "1328"]
[Opening "Sicilian: Grand Prix attack"]
[ECO "B23"]
[Time "15:03:23"]
[TimeControl "2700+45"]

1. e4 c5 2. Nc3 Nc6 3. f4 Nf6 4. e5 Ng8 5. d3 g6 6. Be3 e6 7. Qd2 d5 8. d4 cxd4
9. Bxd4 Nxd4 10. Qxd4 a6 11. O-O-O b5 12. a3 Rb8 13. b4 f5 14. exf6 Qxf6 15. Qe3
Bg7 16. Nge2 Ne7 17. Qa7 Nc6 18. Qc5 Bb7 19. g3 Rc8 20. Qe3 d4 21. Qd3 Nxb4 22.
axb4 Bxh1 23. Bh3 O-O 24. Nb1 Bd5 25. Nd2 Bc4 26. Nxc4 bxc4 27. Qxd4 Qe7 28. Qd6
Rfe8 29. Qxa6 Qxb4 30. Bxe6+ Kh8 31. Bxc8 Bb2+ 32. Kb1 Bc3+ 33. Kc1 Qb2# {White
checkmated} 0-1

[Event "Team 45 45 League T85"]
[Site "Internet Chess Club"]
[Date "2020.07.25"]
[Round "4"]
[White "chessnutdale"]
[Black "seldredg"]
[Result "1-0"]
[WhiteElo "1395"]
[BlackElo "1277"]
[Opening "Philidor's defense"]
[ECO "C41"]
[Time "15:00:19"]
[TimeControl "2700+45"]

1. e4 e5 2. Nf3 d6 3. Bc4 h6 4. Nc3 Nf6 5. d3 Bg4 6. O-O Be7 7. Be3 Nbd7 8. d4
exd4 9. Bxd4 Ne5 10. Be2 Nfd7 11. Nd5 Bf6 12. Ne3 g6 13. Nxg4 Nxg4 14. c3 a6 15.
Qb3 b5 16. a3 Nc5 17. Qd5 O-O 18. b4 Ne6 19. Qa2 c5 20. Bxf6 Qxf6 21. g3 Qxc3
22. Rac1 Qf6 23. h3 Ne5 24. Nxe5 Qxe5 25. Bd3 c4 26. Bb1 Nd4 27. Kg2 d5 28. Rfe1
Rae8 29. Rcd1 Qf6 30. f4 dxe4 31. Qb2 Rd8 32. Rxe4 Rfe8 33. Rxe8+ Rxe8 34. Qxd4
Qc6+ 35. Kf2 Qc8 36. g4 h5 37. f5 Qb8 38. Qd6 Qa7+ 39. Rd4 Qe7 40. Qxe7 Rxe7 41.
fxg6 hxg4 42. Rxg4 f6 43. h4 c3 44. Bc2 Rd7 45. Ke3 Rd2 46. Bb3+ Kg7 47. h5 Rh2
48. Kd3 Rxh5 49. Kxc3 Rh3+ 50. Kb2 Rh2+ 51. Bc2 Rf2 52. Rd4 f5 53. Rd7+ Kxg6 54.
Rd6+ Kg5 55. Rxa6 Kg4 56. Rb6 f4 57. Rxb5 f3 58. Kc1 Rh2 59. Bd1 Rh1 60. Rd5 Kf4
61. Rd3 f2 62. Rf3+ Ke5 63. Rxf2 Kd5 64. Rc2 Rh8 65. a4 Rh4 66. Rc5+ Kd6 67. Rb5
Rc4+ 68. Kb2 Rd4 69. Kc1 Rc4+ 70. Bc2 Rf4 71. a5 Kc6 72. Rb6+ {Black resigns}
1-0